Map: White Rabbit LE

Players

HoldTheDoor

  • Race: Protoss Protoss
  • League: Diamond
  • Spawn Location: 1:00

ShorF - Winner!

  • Race: Terran Terran
  • League: Diamond
  • Spawn Location: 7:00

VOD

Have the link to the VOD?

Description

Time

  • Played on: May 7, 2026, 2 p.m.
  • Length: 10:26
Show
View Real Time Build Order
Export as new Build Order

HoldTheDoor Protoss 

Build Orders: 1 Gate Expand 

Get SALT Encoding   

  12  0:00  Probe  
  13  0:12  Probe  
  14  0:17  Pylon  
  14  0:23  Probe  
  15  0:31  Probe  
  15  0:38  Gateway  
  15  0:39  Probe  
  17  0:51  Assimilator  
  17  0:52  Probe  
  18  1:06  Probe, Pylon  
  20  1:18  Probe  
  20  1:30  Probe  
  21  1:32  Cybernetics Core  
  21  1:39  Nexus  
  21  1:42  Probe  
  22  1:51  Assimilator  
  22  1:54  Probe  
  22  1:58  Pylon  
  23  2:07  Adept  
  23  2:16  Probe  
  23  2:19  Warp Gate  
  26  2:27  Pylon  
  26  2:28  Probe  
  27  2:37  Sentry  
  27  2:40  Probe  
  30  2:52  Gateway, Probe  
  30  2:53  Gateway  
  30  2:56  Probe  
  32  3:02  Robotics Facility  
  32  3:04  Probe  
  33  3:08  Probe  
  34  3:16  Probe  
  35  3:20  Probe  
  35  3:22  Shield Battery  
  36  3:28  Probe  
  36  3:32  Probe  
  38  3:40  Probe  
  39  3:44  Probe  
  40  3:52  Immortal  
  40  3:53  Probe  
  45  3:56  Probe, Pylon  
  45  3:58  Twilight Council  
  45  4:01  Forge  
  46  4:05  Probe  
  46  4:08  Assimilator, Probe  
  48  4:11  Stalker x2  
  48  4:16  Pylon  
  52  4:20  Shield Battery, Probe  
  53  4:25  Shield Battery, Probe  
  53  4:30  Protoss Ground Weapons Level 1, Observer  
  55  4:32  Charge, Probe  
  56  4:40  Pylon  
  56  4:46  Zealot x2  
  56  4:47  Zealot  
  56  4:49  Probe  
  63  4:59  Pylon  
  63  5:02  Assimilator  
  63  5:03  Immortal  
  67  5:15  Gateway  
  67  5:18  Probe  
  68  5:23  Stargate  
  68  5:25  Zealot x3  
  74  5:30  Pylon  
  74  5:35  Probe x2  
  75  5:36  Photon Cannon  
  76  5:42  Photon Cannon  
  76  5:47  Probe  
  76  5:49  Zealot x2  
  81  5:51  Sentry  
  81  5:54  Probe  
  83  6:07  Warp Prism  
  83  6:08  Phoenix  
  87  6:12  Zealot x2  
  87  6:17  Probe, Robotics Bay  
  92  6:33  Pylon  
  92  6:35  Nexus  
  92  6:38  Protoss Ground Armor Level 1  
  92  6:43  Probe x2  
  92  6:45  Observer  
  95  6:59  Pylon  
  95  7:00  Phoenix  
  97  7:01  Pylon  
  97  7:07  Colossus  
  97  7:11  Stalker  
  97  7:12  Stalker  
  107  7:35  Stalker  
  108  7:42  Phoenix  
  110  7:46  Pylon  
  110  7:49  Probe x2, Pylon  
  112  7:53  Photon Cannon  
  112  7:55  Probe  
  113  8:01  Probe  
  113  8:02  Probe  
  114  8:19  Stalker x4  
  120  8:21  Observer  
  117  8:31  Photon Cannon  
  117  8:35  Photon Cannon  
  117  8:38  Pylon  
  114  8:50  Probe  
  115  8:56  Pylon  
  115  8:59  Colossus, Photon Cannon  
  115  9:02  Photon Cannon  
  121  9:06  Stalker x2  
  125  9:10  Photon Cannon  
  125  9:15  Gateway  
  125  9:16  Gateway  
  125  9:19  Gateway  
  125  9:22  Gateway  
  125  9:26  Pylon  
  125  9:30  Pylon  
  125  9:31  Stalker x4  
  129  9:38  Photon Cannon  
  93  9:54  Zealot x2  
  93  9:55  Zealot x2  
  68  10:12  Zealot  
  64  10:22  Zealot x3  
  64  10:23  Zealot x4  
Show
View Real Time Build Order
Export as new Build Order

ShorF Terran - Winner!

Build Orders: Reaper Expand 

Get SALT Encoding   

  12  0:00  SCV  
  13  0:12  SCV  
  14  0:17  Supply Depot  
  14  0:25  SCV  
  15  0:39  SCV  
  16  0:44  Barracks  
  16  0:47  Refinery  
  16  0:51  SCV  
  17  1:03  SCV  
  18  1:15  SCV  
  19  1:31  Reaper  
  19  1:32  Orbital Command  
  20  1:54  Command Center  
  20  2:00  Refinery  
  20  2:04  SCV  
  20  2:08  Barracks Reactor  
  21  2:16  SCV  
  21  2:18  Supply Depot  
  22  2:28  SCV  
  23  2:30  Factory  
  23  2:40  SCV  
  24  2:53  SCV  
  25  3:00  Marine x2  
  27  3:19  Orbital Command, Starport  
  27  3:24  Marine x2  
  31  3:41  Widow Mine  
  31  3:42  Marine x2, SCV  
  31  3:45  SCV  
  35  3:54  SCV  
  36  3:56  Supply Depot, Starport Tech Lab  
  36  3:57  SCV  
  37  4:03  Widow Mine  
  37  4:06  SCV  
  37  4:09  SCV  
  41  4:10  Supply Depot  
  41  4:12  Marine x2  
  41  4:16  Interference Matrix  
  45  4:17  Raven  
  45  4:18  Supply Depot  
  45  4:24  SCV x2, Widow Mine  
  47  4:27  Refinery  
  47  4:28  Refinery  
  47  4:29  Marine x2  
  51  4:36  SCV x2  
  53  4:38  Barracks  
  53  4:42  Barracks  
  53  4:46  Barracks  
  53  4:48  SCV x2, Supply Depot  
  55  4:57  Factory Reactor  
  55  5:00  SCV x2  
  55  5:04  Marine x2  
  55  5:06  Banshee  
  62  5:12  SCV x2, Cloaking Field  
  64  5:18  Supply Depot  
  64  5:27  Barracks Tech Lab  
  64  5:28  Barracks Tech Lab  
  64  5:30  Starport  
  64  5:32  Barracks  
  66  5:36  Widow Mine x2  
  66  5:37  Barracks Tech Lab  
  66  5:39  SCV  
  66  5:41  SCV  
  70  5:44  Supply Depot  
  70  5:47  Stimpack  
  70  5:49  Combat Shield  
  70  5:54  Marine x2  
  71  6:08  Marine x2  
  71  6:09  Marauder  
  71  6:10  Widow Mine x2, Medivac  
  81  6:13  Banshee  
  84  6:20  SCV x2  
  86  6:28  Supply Depot  
  86  6:30  Marauder  
  86  6:31  Marauder  
  86  6:32  SCV x2  
  91  6:34  Barracks Tech Lab  
  91  6:35  Concussive Shells  
  91  6:37  Marine x2  
  94  6:46  Supply Depot  
  94  6:50  Medivac, Marauder  
  94  6:51  Supply Depot  
  98  6:56  Banshee  
  101  7:07  Command Center  
  101  7:11  Marine x2  
  101  7:12  Marauder x2  
  107  7:21  Marauder x2  
  107  7:22  Widow Mine x2  
  115  7:23  Starport Reactor  
  115  7:24  SCV x2  
  115  7:29  Supply Depot  
  117  7:31  Supply Depot  
  117  7:37  Marine  
  118  7:46  Supply Depot  
  118  7:50  Marine  
  118  7:51  Raven, Marauder x2  
  125  7:55  Marauder  
  125  7:56  Marauder  
  125  7:57  Supply Depot  
  129  8:03  Supply Depot  
  129  8:30  Marauder x4, Marine x2  
  129  8:31  Widow Mine x2, Medivac  
  129  8:32  Medivac, Raven  
  143  8:49  SCV  
  143  8:51  Orbital Command  
  143  8:54  Engineering Bay  
  144  8:55  Engineering Bay  
  144  8:56  Fusion Core  
  144  8:57  SCV  
  144  9:01  SCV  
  146  9:06  Marauder x4  
  146  9:07  Marine  
  146  9:08  Marine  
  156  9:27  Marine  
  156  9:28  Marine  
  156  9:29  Marauder x4  
  140  9:59  Marine  
  135  10:00  Marine, Marauder  
  135  10:01  Marauder x3, Widow Mine  
  135  10:02  Widow Mine  
Tags
 
Add a new tag
Caveats
  • Supply blocks, unpowered buildings, or Contaminate may cause inaccurate times.
  • Supply counts are checked every 10 seconds.